 Dungeon Crawl Stone Soup version 0.20.1-1-g8b1a95d (webtiles) character file.

65 BingusPrime the Poker (level 3, -2/27 HPs)
             Began as a Demonspawn Gladiator on Nov 27, 2017.
             Slain by laijerome's ghost (11 damage)
             ... on level 3 of the Dungeon.
             The game lasted 00:10:04 (1875 turns).

BingusPrime the Poker (Demonspawn Gladiator)        Turns: 1875, Time: 00:10:04

Health: -2/27      AC:  6    Str: 15    XL:     3   Next: 92%
Magic:  3/3        EV: 18    Int:  9    God:
Gold:   161        SH:  0    Dex: 19    Spells: 2/2 levels left

rFire    + . .     SeeInvis .   a - +1 trident
rCold    x . .     Gourm    .   (no shield)
rNeg     . . .     Faith    .   n - +1 leather armour
rPois    .         Spirit   .   c - +0 helmet
rElec    .         Reflect  .   (no cloak)
rCorr    .         Harm     .   (no gloves)
MR       .....                  j - +0 pair of boots
Stlth    ++++......             (no amulet)
Regen    0.1/turn               k - ring of fire
MPRegen  0.1/turn               (no ring)

@: agile
A: nightstalker 1
a: no special abilities


You were on level 3 of the Dungeon.
You were not hungry.

You visited 1 branch of the dungeon, and saw 3 of its levels.

You collected 161 gold pieces.

Inventory:

Hand Weapons
 a - a +1 trident (weapon)
Missiles
 d - 2 throwing nets (quivered)
Armour
 b - a +0 leather armour
 c - a +0 helmet (worn)
 j - a +0 pair of boots (worn)
 n - a +1 leather armour (worn)
Jewellery
 k - a ring of fire (left hand)
Scrolls
 g - a scroll of teleportation
 l - a scroll of noise
 p - 2 scrolls of remove curse
 q - a scroll of enchant armour
Potions
 e - a potion of flight
 m - a potion of berserk rage {unknown}
Comestibles
 f - 2 bread rations
 h - 5 fruits
 i - a meat ration


   Skills:
 + Level 2.2 Fighting
 + Level 3.5 Polearms
 + Level 2.0 Throwing
 + Level 0.5 Armour
 + Level 3.1 Dodging
 + Level 1.1 Stealth


You had 2 spell levels left.
You didn't know any spells.

Dungeon Overview and Level Annotations

Branches:
Dungeon (3/15)

Altars:
Sif Muna
Uskayaw

Annotations:
D:3 1 runed door, laijerome's ghost, amateur DsBe


Innate Abilities, Weirdness & Mutations

You are slightly more attuned to the shadows.


Message History

d - a throwing net Laijerome's ghost ripples.
Laijerome's ghost misses you.
You see here a fizzy black potion.
m - a fizzy black potion Laijerome's ghost misses you.
Throwing (i - inventory):
d - a throwing net (quivered)
Press: ? - help, Shift-Dir - straight line, f/p - laijerome's ghost
Aim: laijerome's ghost (moderately damaged, immune to nets)
You throw a throwing net.
The throwing net closely misses laijerome's ghost.
Laijerome's ghost completely misses you.
You see here a throwing net.
d - a throwing net Laijerome's ghost closely misses you.
Laijerome's ghost hits you.
You see here a throwing net.
d - 2 throwing nets (gained 1) Laijerome's ghost hits you!
You die...

#.# *.>,,,,***,,***,,*,,,* ##.##
#.#***.#,,,,,,,,,,,,,* #...#
#.####..*,,.***,,**,,* #...#
#.##...##*..,,,,,**,,,
#...#####.##.#.?#...***,,,,,,*
####.^.#...#.##.#......,,,,,***,,
....................###,,,,,***,,
.........(.....W.#.....,,,,,,,,,,
............##..@....#*,,,,,**,,,
####...#...###.#.#..##*,,,,,**,,,
####...##### #.#.#..#**,**,,,,,,,
.......# #....,...,,***,,*,,,
.###...# ###.######****,*,,,,
.####..# #.# *,,,,,,*,,,,,,
.##....# ### #.#**,****,****,,,
.##.##.###.### *,,,,,,,,*,* **,,,
.##.##(#.....####***,**,*,* *,,,,


You could see laijerome's ghost.

Vanquished Creatures
  2 adders (D:2)
  An ooze (D:3)
  A worm (D:2)
  A dart slug (D:1)
  3 leopard geckos
  A ball python (D:3)
  5 hobgoblins
  A jackal (D:1)
  4 kobolds
  2 quokkas (D:2)
  8 bats
  A frilled lizard (D:2)
  A goblin (D:1)
  4 rats (D:2)
  A plant (D:2)
36 creatures vanquished.

Notes
Turn   | Place    | Note
-------+----------+-------------------------------------------
     0 | D:1      | BingusPrime the Demonspawn Gladiator began the quest for the Orb.
     0 | D:1      | Reached XP level 1. HP: 16/16 MP: 1/1
   194 | D:1      | Gained mutation: You are slightly more attuned to the shadows. [demonic ancestry]
   194 | D:1      | Reached XP level 2. HP: 22/22 MP: 2/2
   538 | D:2      | Reached XP level 3. HP: 18/27 MP: 3/3
   572 | D:2      | Noticed a dagger
   579 | D:2      | Noticed a dagger
   579 | D:2      | Found a hide-covered altar of Uskayaw.
   906 | D:2      | Found a deep blue altar of Sif Muna.
  1215 | D:2      | Reached skill level 1 in Stealth
  1780 | D:3      | Found a runed door.
  1851 | D:3      | Noticed laijerome's ghost (amateur DsBe)
  1875 | D:3      | Slain by laijerome's ghost

Skill      XL: |  1  2  3 |
---------------+----------+-----
Dodging        | 3 |  3.1
Throwing       | 2 |  2.0
Polearms       | 3 |  3.5
Stealth        | 1 |  1.1
Fighting       | |  2.2
Armour         | |  0.5

Action                   || total
-------------------------++-------
Melee: Trident           ||   154
Throw: Throwing net      ||     4
  Use: Scroll            ||     7
       Potion            ||     4
 Stab: Sleeping          ||    11
  Eat: Bread ration      ||     1
Armor: Leather armour    ||    20
Dodge: Dodged            ||    87
